 Dungeon Crawl Stone Soup version 0.29.1 (webtiles) character file.

Game seed: 3039773229892063746

488 ILmort the Cutter (level 6, -1/63 (73) HPs)
             Began as a Demonspawn Fighter on Sept 14, 2022.
             Was a Follower of Uskayaw.
             Slain by a wight
             ... wielding a +1 great sword of freezing
              (8 damage)
             ... on level 5 of the Dungeon.
             The game lasted 00:11:39 (4324 turns).

ILmort the Cutter (Demonspawn Fighter)              Turns: 4324, Time: 00:11:40

HP:   -1/63 (73)    AC: 13    Str: 21    XL:     6   Next: 90%
MP:   8/8           EV:  9    Int:  8    God:    Uskayaw [*.....]
Gold: 250           SH:  9    Dex: 19    Spells: 5/5 levels left

rFire   . . .      SeeInvis .   a - +0 rapier
rCold   . . .      Faith    .   c - +0 buckler
rNeg    . . .      Spirit   .   b - +0 scale mail
rPois   .          Reflect  .   (no helmet)
rElec   .          Harm     .   (no cloak)
rCorr   .          Rampage  .   (no gloves)
Will    .....                   (no boots)
Stlth   ..........              r - amulet of regeneration
HPRegen 1.00/turn               u - +6 ring of dexterity
MPRegen 0.11/turn               (no ring)

@: berserking, flying, heavily drained, very quick
A: slimy green scales 2, demonic guardian 1, icemail 1, condensation shield,
strong 1
a: Renounce Religion, Stomp


You were on level 5 of the Dungeon.
You worshipped Uskayaw.
Uskayaw was noncommittal.
You visited 2 branches of the dungeon, and saw 6 of its levels.

You collected 250 gold pieces.

Inventory:

Hand Weapons
 a - a +0 rapier (weapon)
 i - a +0 dagger of draining
 w - a +1 dagger of draining
Missiles
 h - 4 boomerangs (quivered)
Armour
 b - a +0 scale mail (worn)
 c - a +0 buckler (worn)
Jewellery
 q - a +6 ring of strength
 r - an amulet of regeneration (around neck)
 u - a +6 ring of dexterity (left hand)
 z - an amulet of the acrobat
 A - an amulet of guardian spirit
Scrolls
 f - a scroll of identify
 k - a scroll of amnesia {unknown}
 m - a scroll of butterflies {unknown}
 n - 3 scrolls of fear
 o - a scroll of torment {unknown}
 t - a scroll of teleportation {unknown}
 x - a scroll of vulnerability {unknown}
 y - 2 scrolls of poison
 B - a scroll of summoning {unknown}
Potions
 d - 2 potions of might
 g - 3 potions of curing
 j - 2 potions of flight
 l - a potion of attraction {unknown}
 p - a potion of mutation
 s - a potion of lignification {unknown}
 v - a potion of heal wounds {unknown}


   Skills:
 + Level 4.5 Fighting
 * Level 4.9 Short Blades
 + Level 3.2 Armour
 + Level 3.1 Shields
 * Level 3.0 Invocations


You had 5 spell levels left.
You didn't know any spells.
Your spell library contained the following spells:

 Spells                   Type           Power      Damage    Failure   Level
 Apportation              Tloc           0%         N/A       83%         1
 Necrotise                Necr           0%         1d4       83%         1
 Summon Small Mammal      Summ           0%         N/A       83%         1


Dungeon Overview and Level Annotations

Branches:
Dungeon (5/15)             Temple (1/1) D:4

Altars:
Dithmenos
Hepliaklqana
Makhleb
Okawaru
Uskayaw

Annotations:
D:4 3 runed translucent doors, Sheol's ghost, amateur MiFi


Innate Abilities, Weirdness & Mutations

You are mostly covered in slimy green scales. (AC +3)
A weak demonic guardian rushes to your aid.
A meltable icy envelope protects you from harm. (AC +4)
A meltable shield of frost defends you. (SH +4)
Your muscles are strong. (Str +4, Int/Dex -1)


Message History

Your quasit claws the wight but does no damage. x2
You block the wight's attack. The wight hits you with a +0 mace.
The wight hits you with a +1 great sword of freezing.
The wight freezes you.
It was a potion of flight.
You feel very buoyant.
You fly up into the air.
Your quasit barely misses the wight.
Your quasit claws the wight but does no damage. x2
You block the wight's attack. x2; The wight barely misses you.
Your quasit bites the wight but does no damage.
Your quasit barely misses the wight.
Your quasit claws the wight but does no damage.
It was a potion of mutation.
You feel extremely strange.
You feel stronger.
Your quasit disappears in a puff of smoke!
The wight hits you but does no damage.
The wight hits you with a +1 great sword of freezing.
The wight freezes you. You block the wight's attack.
It was a potion of berserk rage.
A red film seems to cover your vision as you go berserk!
You feel yourself moving faster!
You feel mighty! The wight hits you but does no damage.
You block the wight's attack. The wight misses you.
You barely miss the wight. The wight closely misses you.
The wight barely misses you. The wight hits you but does no damage.
You barely miss the wight. You puncture the wight!
The wight hits you with a +2 battleaxe!
* * * LOW HITPOINT WARNING * * *
You feel drained.
* * * LOW HITPOINT WARNING * * *
The wight hits you with a +1 great sword of freezing.
* * * LOW HITPOINT WARNING * * *
You feel drained.
* * * LOW HITPOINT WARNING * * *
The wight freezes you.
* * * LOW HITPOINT WARNING * * *
The wight misses you.
You closely miss the wight. You block the wight's attack.
The wight hits you with a +1 great sword of freezing!
You die...

. #..........#.#...## ##. ..
#......##.#.....####.. ..z
#.#....#.##.........'.. ....
#.#..#.#.#....#....#..
.....#.##..##.#.....#†##.##.
......##....##......#....###
.....................##### #
..........z..........#
......##!.z@##.......#
.....# ##.z##.#......# .)..#
#..#.#.#.....# ....
#....#.##.....# ... #......#
.#....# .. ..........#.#...#
........... .......


You could see 3 wights.

Vanquished Creatures
  A black bear (D:5)
  A phantom (D:5)
  A howler monkey (D:5)
  A hound (D:5)
  An orc priest (D:4)
  2 iguanas (D:5)
  An orc wizard (D:4)
  4 adders
  3 ufetubi (D:5)
  A worm (D:5)
  4 orcs (D:4)
  8 endoplasms
  4 giant cockroaches
  6 goblins
  8 hobgoblins
  8 jackals
  6 kobolds
  3 quokkas (D:2)
  6 ball pythons
  10 bats
  2 frilled lizards
  3 rats (D:1)
84 creatures vanquished.

Notes
Turn   | Place    | Note
-------+----------+-------------------------------------------
     0 | D:1      | ILmort the Demonspawn Fighter began the quest for the Orb.
     0 | D:1      | Reached XP level 1. HP: 18/18 MP: 1/1
   380 | D:1      | Gained mutation: You are partially covered in slimy green
                  | scales. (AC +2) [demonic ancestry]
   380 | D:1      | Reached XP level 2. HP: 22/22 MP: 2/2
   441 | D:1      | Found a faded altar of an unknown god.
  1367 | D:2      | Gained mutation: A meltable shield of frost defends you.
                  | (SH +4) [demonic ancestry]
  1367 | D:2      | Reached XP level 3. HP: 29/29 MP: 3/3
  2087 | D:3      | Gained mutation: A meltable icy envelope protects you from
                  | harm. (AC +4) [demonic ancestry]
  2087 | D:3      | Reached XP level 4. HP: 34/37 MP: 4/4
  2774 | D:4      | Found a runed translucent gate.
  2783 | D:4      | Noticed Sheol's ghost (amateur MiFi)
  2785 | D:4      | Found a runed translucent gate.
  2785 | D:4      | Found a runed translucent gate.
  2785 | D:4      | Identified the +4 mace "Fimublid" {venom, Int+2 Stlth+}
  2929 | D:4      | Gained mutation: A weak demonic guardian rushes to your
                  | aid. [demonic ancestry]
  2929 | D:4      | Reached XP level 5. HP: 40/42 MP: 5/5
  2980 | D:4      | Found a staircase to the Ecumenical Temple.
  2987 | Temple   | Entered the Ecumenical Temple
  2997 | Temple   | Became a worshipper of Uskayaw the Reveller
  3128 | D:4      | Reached * piety under Uskayaw
  3740 | D:5      | Entered Level 5 of the Dungeon
  3781 | D:5      | Reached ** piety under Uskayaw
  3865 | D:5      | Reached skill level 1 in Invocations
  4030 | D:5      | Noticed a black bear
  4041 | D:5      | Reached *** piety under Uskayaw
  4042 | D:5      | Killed a black bear
  4043 | D:5      | Gained mutation: You are mostly covered in slimy green
                  | scales. (AC +3) [demonic ancestry]
  4043 | D:5      | Reached XP level 6. HP: 41/49 MP: 5/7
  4319 | D:5      | Gained mutation: Your muscles are strong. (Str +4, Int/Dex
                  | -1) [potion of mutation]
  4324 | D:5      | Slain by a wight

Illustrated notes

Levels and vault maps discovered:
D:1:      lemuel_arrival_tunnels, layout_loops_cross, basic_ecumenical_altar,
          serial_bayou_pond_d
D:2:      layout_loops_cross
D:3:      layout_basic
D:4:      layout_basic, minmay_temple_entry_butterflies,
          biasface_ghost_orc_armoury, hangedman_abyss_or_decor_lesser_grid
D:5:      layout_loops_corners, minmay_misc_feat_secret_circle,
          kennysheep_generic_room_4
Temple:   regret_index_temple_chain_breaker

Skill      XL: |  1  2  3  4  5  6 |
---------------+-------------------+-----
Short Blades   | 2 3 4 |  4.9
Fighting       | 4 |  4.5
Invocations    | 2 3 |  3.0
Shields        | 3 |  3.1
Armour         | 3 |  3.2

Action                   |  1- 3 |  4- 6 || total
-------------------------+-------+-------++-------
Melee: Rapier            |   153 |   255 ||   408
Throw: Boomerang         |       |     4 ||     4
  Use: Potion            |       |     5 ||     5
       Scroll            |       |     2 ||     2
 Stab: Paralysed         |       |     2 ||     2
Armor: Scale mail        |    79 |   121 ||   200
Dodge: Dodged            |    47 |    81 ||   128
Block: Buckler           |    35 |   127 ||   162
